General information
			
			
        
        - name: BNet
 
        - type: Ladder 1vs1/FFA
 
        - host: Battle.net
 
        - saver: DawnHasCome
 
        
map: MeltingValley 
        - players: 2
 
        - length: 15:35
 
        - speed: Fast
 - version: 1.22 W3XP
 - replay type:  Public
 
» download(64 KB)
Players
        team 1 (loser) 
              
              
Libuyan (
purple | 110 APM | 1716 actions | 15:34)
              
 3 Blademaster 
 2 Wind Walk
 1 Critical Strike
 2 Shadow Hunter 
 1 Hex
 1 Healing Wave
 
                » actions 
                
                | Assign group hotkey | 15 |  | 
| Basic commands | 2 |  | 
| Build / train | 60 |  | 
| ESC pressed | 2 |  | 
| Enter build submenu | 22 |  | 
| Enter hero's abilities submenu | 5 |  | 
| Give item / drop item | 5 |  | 
| Right click | 918 |  | 
| Select / deselect | 485 |  | 
| Select group hotkey | 90 |  | 
| Use ability | 112 |  | 
                1716 total
 » units 
                
                | Peon | 8 |  | 
| Grunt | 6 |  | 
| Raider | 4 |  | 
| Spirit Walker | 2 |  | 
| Kodo Beast | 1 |  | 
                21 total
 » upgrades
                
                | Ensnare | 2 |  | 
| Spirit Walker Training | 1 |  | 
| Armor | 1 |  | 
| Pillage | 1 |  | 
| Reinforced Defenses | 1 |  | 
                6 total
 » buildings
                
                | Altar of Storms | 1 |  | 
| Orc Burrow | 6 |  | 
| Voodoo Lounge | 1 |  | 
| Barracks | 1 |  | 
| Stronghold | 3 |  | 
| Beastiary | 2 |  | 
| Spirit Lodge | 2 |  | 
| War Mill | 2 |  | 
| Great Hall | 1 |  | 
| Fortress | 1 |  | 
| Watch Tower | 1 |  | 
                21 total
 » build order
                00:07 Altar of Storms
00:14 Orc Burrow
00:37 Voodoo Lounge
01:29 Barracks
02:23 Stronghold
02:23 Stronghold
03:11 Orc Burrow
03:28 Orc Burrow
05:00 Beastiary
05:31 Beastiary
06:10 Spirit Lodge
06:13 Spirit Lodge
06:28 War Mill
06:33 War Mill
10:15 Orc Burrow
10:38 Great Hall
12:22 Orc Burrow
12:25 Orc Burrow
12:33 Fortress
14:40 Watch Tower
» items
                
                | Healing Salve | 6 |  | 
| Circlet of Nobility | 4 |  | 
| Lesser Clarity Potion | 3 |  | 
| Scroll of Town Portal | 1 |  | 
                14 total
  
               team 2 (winner) 
              
              
DawnHasCome (
yellow | 129 APM | 2004 actions | 15:35)
              
 3 Demon Hunter 
 2 Mana Burn
 1 Evasion
 3 Keeper of the Grove 
 2 Entangling Roots
 1 Thorns Aura
 
                » actions 
                
                | Assign group hotkey | 20 |  | 
| Basic commands | 112 |  | 
| Build / train | 44 |  | 
| ESC pressed | 1 |  | 
| Enter build submenu | 12 |  | 
| Enter hero's abilities submenu | 6 |  | 
| Right click | 990 |  | 
| Select / deselect | 386 |  | 
| Select group hotkey | 373 |  | 
| Use ability | 59 |  | 
                2004 total
 » units 
                
                | Wisp | 12 |  | 
| Huntress | 4 |  | 
| Dryad | 2 |  | 
| Druid of the Claw | 5 |  | 
                23 total
 » upgrades
                
                | Druid of the Claw Training | 2 |  | 
| Abolish Magic | 1 |  | 
| Mark of the Claw | 1 |  | 
| Strength of the Wild | 1 |  | 
| Reinforced Hides | 1 |  | 
                6 total
 » buildings
                
                | Altar of Elders | 1 |  | 
| Moon Well | 6 |  | 
| Hunter's Hall | 1 |  | 
| Ancient of War | 1 |  | 
| Tree of Ages | 1 |  | 
| Ancient of Wonders | 1 |  | 
| Ancient of Lore | 2 |  | 
| Tree of Eternity | 1 |  | 
                14 total
 » build order
                00:05 Altar of Elders
00:07 Moon Well
01:48 Hunter's Hall
01:50 Ancient of War
02:15 Moon Well
03:11 Tree of Ages
03:58 Moon Well
05:35 Ancient of Wonders
05:50 Ancient of Lore
05:52 Tree of Eternity
06:14 Ancient of Lore
09:24 Moon Well
09:26 Moon Well
10:56 Moon Well
» items
                
                | Staff of Preservation | 1 |  | 
| Potion of Healing | 1 |  | 
| Scroll of Town Portal | 2 |  | 
| Orb of Venom | 1 |  | 
                5 total
  
                Chat log
          
(15:32 / All) Libuyan: gg